[Event "Frauenbundesliga 2024-25"]
[Site "Germany"]
[Date "2025.01.25"]
[Round "3.11"]
[White "Stangl, Anita"]
[Black "Yurenok, Maria S"]
[Result "0-1"]
[Annotator "NA COMBH RC"]
[ECO "B08"]
[WhiteElo "2027"]
[BlackElo "1993"]
[PlyCount "120"]
[EventDate "2024.11.06"]
[EventType "team-tourn"]
[EventCountry "GER"]
[SourceTitle "playchess.com"]
[Source "ChessBase"]
[SourceQuality "1"]
[WhiteTeam "Bayern Muenchen"]
[BlackTeam "Rodewischer Schachmiezen"]
[TimeControl "40/5400+30:1800+30"]

1. e4 d6 2. d4 Nf6 3. Nc3 g6 4. Nf3 Bg7 5. h3 O-O 6. Be3 a6 7. Qd2 b5 8. Bd3 Bb7 9. a3 e5 10. dxe5 dxe5 11. Bh6 Nbd7 12. Bxg7 Kxg7 13. Qg5 c5 14. Nxe5 Nxe5 15. Qxe5 c4 16. Be2 Re8 17. Qg3 Nxe4 18. Nxe4 Rxe4 19. Kf1 Qe7 20. Bf3 Re6 21. Bxb7 Qxb7 22. Qc3+ f6 23. Re1 Rae8 24. Rxe6 Rxe6 25. h4 h5 26. Rh3 Re4 27. Rf3 Qc6 28. g3 Qe6 29. Kg2 Re2 30. b3 Re4 31. Qd2 Qe7 32. bxc4 Rxc4 33. Rd3 Rc7 34. Re3 Qf8 35. Rd3 Qc8 36. c3 Qf5 37. Rf3 Qe4 38. Qd6 Rf7 39. Qd3 Qc6 40. Qe3 Qd6 41. Qc1 Qd5 42. Qe3 g5 43. Qd4 Qxd4 44. cxd4 Rd7 45. Rd3 Kg6 46. Kf1 Kf5 47. Rf3+ Ke6 48. Rd3 Kd5 49. Rf3 Kxd4 50. Rxf6 gxh4 51. Rxa6 hxg3 52. fxg3 Kc4 53. Ra5 Rd2 54. a4 b4 55. Ke1 Rh2 56. Ra8 b3 57. Rb8 b2 58. Kd1 Kc3 59. Rc8+ Kb3 60. Rb8+ {[%emt 0:00:09] -#15} Ka2 0-1

[Event "Frauenbundesliga 2024-25"]
[Site "Germany"]
[Date "2025.01.25"]
[Round "3.12"]
[White "Kanakova, Natalie"]
[Black "Werner, Carolin"]
[Result "1/2-1/2"]
[Annotator "TA"]
[ECO "A85"]
[WhiteElo "2163"]
[BlackElo "1971"]
[PlyCount "48"]
[EventDate "2024.11.06"]
[EventType "team-tourn"]
[EventCountry "GER"]
[SourceTitle "playchess.com"]
[Source "ChessBase"]
[SourceQuality "1"]
[WhiteTeam "Rodewischer Schachmiezen"]
[BlackTeam "Bayern Muenchen"]
[TimeControl "40/5400+30:1800+30"]

1. Nf3 f5 2. c4 Nf6 3. e3 g6 4. d4 Bg7 5. Nc3 d6 6. Be2 O-O 7. b4 e5 {[%emt 0:09:02] A85: Dutch Defence: 2 c4 Nf6 3 Nc3.} 8. dxe5 dxe5 9. Qb3 (9. Nxe5 $2 Ne4 10. Bb2 Bxe5 $19) 9... Kh8 {[%emt 0:20:12] White is slightly better.} 10. Bb2 Qe7 11. Nd5 Nxd5 12. cxd5 c6 $146 (12... g5 13. O-O Nd7 14. Rfd1 Rd8 15. Rac1 g4 16. Ne1 Nf6 17. Qc4 Ne8 18. e4 f4 {1-0 Chekhov,V (2525)-Djurhuus,R (2410) Peer Gynt Gausdal 1991 (3)}) 13. b5 c5 {[%emt 0:08:22] [#]} (13... e4 $14) 14. d6 $2 {[%emt 0:09:10] White is more active.} Qxd6 $11 15. Ng5 {[%emt 0:00:06] Repels Be6} Qe7 {[%emt 0:03:26] Inhibits Nf7+.} 16. h4 a6 17. bxa6 (17. b6 $11) 17... Nxa6 $15 18. a4 {[%emt 0:07:01] [#]} ({White should play} 18. Rc1 $15) 18... h6 $1 $17 19. Bc4 {[%emt 0:02:58] [#]} Nb4 (19... Bf6 $1 $17 20. Rd1 Nb4) 20. Ke2 e4 (20... hxg5 $2 {is the wrong capture.} 21. hxg5+ $18) (20... Bf6 $17 21. Rad1 Bd7 (21... hxg5 22. hxg5+ Kg7 23. gxf6+ Rxf6 24. f4 $14) 22. Rxd7 Qxd7 23. Nf7+ Rxf7 24. Bxf7 Qc6 (24... Rxa4 25. Rd1 $17) (24... Qxa4 25. Qxa4 Rxa4 26. Rd1 $11)) 21. Nf7+ $1 $11 {[%emt 0:09:08] The position is equal.} Kh7 22. Ng5+ Kh8 $1 23. Nf7+ $1 Kh7 {[%emt 0:02:47][%cal Of8f7] and ...Rxf7! would now be decisive} 24. Ng5+ Kh8 $1 {Weighted Error Value: White=0.22 (precise) /Black=0.37  Mistake:       	White=4     	Black=3      Inaccurate:     	---       	Black=1      OK:         	White=9     	Black=5      Best:        	---       	Black=1      Strong:       	White=2     	Black=3} 1/2-1/2

[Event "Frauenbundesliga 2024-25"]
[Site "Germany"]
[Date "2025.01.25"]
[Round "3.12"]
[White "Schuster, Rebekka"]
[Black "Scognamiglio, Stefanie"]
[Result "0-1"]
[Annotator "TA"]
[ECO "B30"]
[WhiteElo "1857"]
[BlackElo "2084"]
[PlyCount "56"]
[EventDate "2024.11.06"]
[EventType "team-tourn"]
[EventCountry "GER"]
[SourceTitle "playchess.com"]
[Source "ChessBase"]
[SourceQuality "1"]
[WhiteTeam "1871 Loeberitz"]
[BlackTeam "Hamburger SK"]
[TimeControl "40/5400+30:1800+30"]

1. e4 c5 2. Nf3 Nc6 3. c3 d5 4. exd5 Qxd5 5. d4 cxd4 6. cxd4 e5 7. Nc3 Bb4 8. Bd2 Bxc3 9. Bxc3 e4 10. Ne5 Nxe5 11. dxe5 Ne7 12. Qxd5 Nxd5 13. Bb5+ Bd7 14. Bxd7+ Kxd7 15. O-O-O {[%emt 0:01:22] B22: Sicilian: 2 c3.} Ke6 16. Bd4 {[%emt 0:00:28] [#]} Nb4 (16... Nf4 $1 $17 {[%cal Oh8d8] With the idea ...Rhd8!.} 17. Kd2 Nxg2) 17. Kb1 (17. Kd2 $1 $11 {remains equal.}) 17... Rhd8 $17 18. Bc3 Nd5 19. Bd4 Nf4 20. Rd2 $146 (20. Bc3 $17 {was called for.}) (20. Rhe1 Nd3 21. Rxe4 Nxf2 22. Bxf2 Rxd1+ 23. Kc2 Rd5 24. Bd4 Rc8+ 25. Bc3 h5 26. Rh4 Rxe5 27. a4 g6 28. Kb3 {0-1 Hartikainen,J (2094)-Korol,D (2287) Titled Tuesday intern op 02nd Jan Early blitz 2024 (7)}) 20... Nxg2 $19 21. Rg1 $2 {[%emt 0:00:14] [#]} (21. h4) 21... Nh4 $1 {[%emt 0:00:06] Black is clearly winning.} 22. Bc3 ({But not} 22. Rxg7 Nf3 23. Rc2 Rxd4) 22... Rxd2 23. Bxd2 {[%emt 0:00:05][%mdl 4096] Endgame KRB-KRN. Black is a pawn up.} Nf3 (23... Kxe5 24. Rxg7 Ke6 25. Rg4 $16 (25. Rxh7 Nf5 $16)) 24. Rd1 Rd8 25. Kc2 Rxd2+ 26. Rxd2 Nxd2 27. Kxd2 Kxe5 28. Ke3 g5 {[%emt 0:00:25] Black took control after the opening.   Weighted Error Value: White=1.49/Black=0.09 (flawless)   Mistake:       	White=3     	Black=1      Inaccurate:     	White=2     	---        OK:         	---       	Black=3      Best:        	---       	Black=2      Strong:       	---       	Black=1} 0-1

[Event "Frauenbundesliga 2024-25"]
[Site "Germany"]
[Date "2025.01.25"]
[Round "3.12"]
[White "Kovalskyy, Alicia"]
[Black "Matnadze Bujiashvili, Ann"]
[Result "0-1"]
[Annotator "TA"]
[ECO "B13"]
[WhiteElo "1838"]
[BlackElo "2315"]
[PlyCount "66"]
[EventDate "2024.11.06"]
[EventType "team-tourn"]
[EventCountry "GER"]
[SourceTitle "playchess.com"]
[Source "ChessBase"]
[SourceQuality "1"]
[WhiteTeam "Hemer 1932"]
[BlackTeam "Schwaebisch Hall"]
[TimeControl "40/5400+30:1800+30"]

1. e4 c6 2. d4 g6 3. Nf3 d5 4. exd5 cxd5 5. Bd3 Nc6 6. c3 Bg7 7. Bf4 Nf6 8. O-O O-O 9. h3 {[%emt 0:01:59] 9.Re1 is setting a new trend.} Ne8 {[%emt 0:00:58] B13: Caro-Kann: Exchange Variation and Panov-Botvinnik Attack.} 10. Nbd2 Nd6 11. Re1 f6 {[%emt 0:00:11] White is slightly better.} 12. Nf1 $146 (12. Bh2 e6 13. c4 dxc4 14. Bxc4 Nxc4 15. Nxc4 Qd5 16. Ne3 Qb5 17. a4 Qb4 18. d5 {1-0 Shyam,S (2535)-Nihal,S (2454) Voronezh op-A 21st 2017 (5)}) 12... Nf7 13. Bh2 (13. c4 $14) 13... e5 $11 14. Bc2 e4 15. N3d2 f5 16. Bb3 Be6 (16... Na5 $15) 17. Ba4 (17. f3 $11) 17... Rc8 $15 18. Nb3 b6 {[%emt 0:00:27] Prevents Nc5.} 19. Bb5 Nd6 20. Ba6 Rc7 21. f3 Rcf7 22. Nc1 (22. f4 $17) 22... Nb8 23. Bd3 Nc6 $2 (23... Bh6 $19 {White must now prevent ...f4.} 24. Bb1 Qd7) 24. Bb1 $2 (24. Ba6 $1 $11 {and White is okay.}) 24... Nc4 25. b3 Na3 {[%emt 0:01:00] [#]} 26. Nd3 $2 (26. Ne2) 26... Nb5 $19 ({Less strong is} 26... Nxd4 27. Nf4 g5 28. cxd4 $19) 27. Nf4 Bc8 {[%emt 0:02:27] Black is clearly winning.} 28. Ne2 {[%emt 0:00:56] [#]} Nxc3 $1 29. Nxc3 Bxd4+ 30. Kh1 Bxc3 31. Bc2 Nb4 32. Qe2 Ba6 33. Qf2 Bd3 {[%emt 0:00:50] Weighted Error Value: White=0.59/Black=0.14 (very precise)   Loses game:     	White=1     	---        Missed win:     	---       	Black=1      Mistake:       	White=4     	Black=1      Inaccurate:     	White=3     	---        OK:         	White=5     	Black=9      Best:        	---       	Black=2} 0-1

[Event "Frauenbundesliga 2024-25"]
[Site "Germany"]
[Date "2025.01.26"]
[Round "4.1"]
[White "Maltsevskaya, Aleksandra"]
[Black "Butenandt, Svenja"]
[Result "1-0"]
[Annotator "TA"]
[ECO "B12"]
[WhiteElo "2368"]
[BlackElo "2158"]
[PlyCount "67"]
[EventDate "2024.11.06"]
[EventType "team-tourn"]
[EventCountry "GER"]
[SourceTitle "playchess.com"]
[Source "ChessBase"]
[SourceQuality "1"]
[TimeControl "40/5400+30:1800+30"]

1. e4 c6 2. d4 d5 3. e5 Bf5 4. Nd2 e6 5. Nb3 a6 6. Be2 {[%emt 0:00:07] B12: Caro-Kann: Advance Variation.} c5 7. dxc5 Bxc5 8. Nxc5 {[%emt 0:00:04] White has an edge.} Qa5+ 9. c3 Qxc5 10. Be3 Qc7 11. f4 {[%emt 0:00:21] Black is weak on the dark squares} Ne7 12. Nf3 Nbc6 $146 (12... Nd7 13. O-O O-O 14. Qd2 Be4 15. Rac1 b5 16. Nd4 Nf5 17. Bf2 Rac8 18. b3 Qa5 19. Nxf5 Bxf5 {1-0 Bosnjak,P (2308)-Vazquez,G (2527) KCF University Cup rapid 2021 (4)}) 13. O-O O-O 14. Qe1 Bg4 15. Qf2 b5 (15... f6 $11 {keeps the balance.}) 16. Bc5 Rfc8 17. b4 {[%emt 0:00:21][%csl Oc5] Strong Square White (c5)} Ng6 18. Nd4 Bxe2 19. Qxe2 Nf8 20. f5 Qxe5 {[%emt 0:04:16] [#]} 21. Qg4 {[%emt 0:01:08] White has more active pieces.} (21. Qd2 $1 $16 {Strongly threatening Bxf8.} Nxd4 22. Bxd4) 21... Qe3+ $11 22. Kh1 Ne5 (22... Nxd4 $11 23. Bxd4 Qh6) 23. Qh5 $40 {[%emt 0:02:01][%mdl 128] White is up to no good.} Qh6 24. Qe2 (24. Qxh6 {simplifies} gxh6 25. Bxf8 Rxf8 26. fxe6 fxe6 27. Nxe6 Rxf1+ 28. Rxf1 Rc8 29. Kg1) 24... Ned7 (24... Nfd7 $5) 25. fxe6 fxe6 26. Rf3 Nxc5 27. bxc5 Rxc5 {[%emt 0:00:29] And now ...Rac8 would win.} 28. Raf1 Rcc8 29. Qe5 Re8 30. Qc7 {[%emt 0:01:45] White wants to mate with Qf7+.} g6 $2 {[%emt 0:01:39][%mdl 8192] [#] A mistake that costs the game.} (30... Qh5 $1 $14) 31. Nc6 $1 $18 Qg7 (31... g5 $18 32. Ne5 Rac8 33. Qf7+ Kh8 34. Qxe8 Rxe8) 32. Rf7 {[%emt 0:00:08] White mates.} Qxc3 {[%emt 0:00:20] [#]} 33. Rxf8+ $1 Rxf8 34. Ne7+ {[%emt 0:00:05] Weighted Error Value: White=0.12 (very precise) /Black=0.44  Loses game:     	---       	Black=1      Mistake:       	White=1     	Black=3      Inaccurate:     	White=3     	---        OK:         	White=10    	Black=10     Best:        	White=4     	Black=2      Strong:       	White=1     	---} 1-0

[Event "Frauenbundesliga 2024-25"]
[Site "Germany"]
[Date "2025.01.26"]
[Round "4.1"]
[White "Dolzhykova, Kateryna"]
[Black "Batsiashvili, Nino"]
[Result "1-0"]
[Annotator "TA"]
[ECO "C29"]
[WhiteElo "2299"]
[BlackElo "2476"]
[PlyCount "101"]
[EventDate "2024.11.06"]
[EventType "team-tourn"]
[EventCountry "GER"]
[SourceTitle "playchess.com"]
[Source "ChessBase"]
[SourceQuality "1"]
[TimeControl "40/5400+30:1800+30"]

1. e4 e5 2. Nc3 Nf6 3. f4 d5 4. fxe5 Nxe4 5. Nf3 Be7 6. d4 O-O 7. Bd3 f5 8. exf6 Bxf6 9. O-O Nc6 10. Nxe4 dxe4 11. Bxe4 {[%emt 0:00:10] [#] Hoping for c3.} Nxd4 12. Ng5 Bf5 13. Bxf5 Nxf5 {[%emt 0:00:47] The position is equal.} 14. Qxd8 Raxd8 15. Ne6 {[%emt 0:05:38][%cal Oc2c3] And now c3! would win.} Bd4+ 16. Nxd4 $1 (16. Kh1 $2 Ng3+ 17. hxg3 Rxf1+ 18. Kh2 Bg1+ 19. Kh3 Rdd1 20. Nxc7 Rxc1 $19) 16... Nxd4 17. Bg5 Rd5 18. Rxf8+ Kxf8 $11 {[%emt 0:00:05][%mdl 4096] Endgame. KRB-KRN} 19. Rf1+ Ke8 20. Re1+ Kd7 21. Re7+ Kd6 (21... Kc6 $11 {keeps the balance.} 22. Bf4 (22. Rxg7 $2 Ne6 $19) 22... Rd7) 22. Rxg7 $16 {[%emt 0:01:01] Black is now going downhill.} Rf5 (22... h5 $16 {was worth a try.} 23. h4 Ne6 24. Be7+ Kc6) 23. h4 $18 h5 24. Rh7 Nxc2 25. Rxh5 Nd4 26. Rh8 c5 27. Be3 Kd5 28. h5 {[%emt 0:02:36] aiming for Bxd4.} Ne2+ 29. Kh2 {[%emt 0:00:07] Threatens to win with g4.} Re5 30. Bf2 Ke4 31. Bg3 (31. g4 Kf3 32. h6 Kxg4 $18 (32... Kxf2 $2 33. Rf8+ $18)) 31... Rg5 (31... Nf4 32. h6 Re7) 32. Bh4 Re5 33. h6 Rh5 34. g3 Kf5 {[%emt 0:00:59] [#]} 35. h7 $1 Kg6 36. Re8 Rxh7 37. Rxe2 {[%emt 0:00:12] KRB-KR} Rd7 38. Kh3 b5 39. g4 Rd3+ 40. Bg3 a5 41. Re6+ Kf7 42. Rb6 b4 43. g5 c4 44. Kg4 {[%emt 0:00:12] g6+ would kill now.} c3 45. bxc3 (45. g6+ $142 Kf8 46. Bd6+ (46. bxc3 Rd1 $18) 46... Rxd6 47. Rxd6 Ke7 48. bxc3 Kxd6 49. cxb4 (49. g7 Kc5 50. g8=Q bxc3 51. Kf4 Kd6 52. Qc4 c2 53. Qxc2 Kd5) 49... axb4 50. g7) 45... bxc3 46. g6+ {[%emt 0:00:00] White mates.} Ke7 47. g7 Rd4+ 48. Kf5 Kf7 49. Rb7+ Kg8 50. Rb8+ Kxg7 51. Be5+ {[%emt 0:00:00] Weighted Error Value: White=0.05 (flawless) /Black=0.33.  Mistake:       	---       	Black=3      OK:         	White=16    	Black=11     Best:        	White=5     	---        Strong:       	White=2     	---} 1-0

[Event "Frauenbundesliga 2024-25"]
[Site "Germany"]
[Date "2025.01.26"]
[Round "4.1"]
[White "Peglau, Charis"]
[Black "Socko, Monika"]
[Result "0-1"]
[Annotator "TA"]
[ECO "A17"]
[WhiteElo "2210"]
[BlackElo "2371"]
[PlyCount "102"]
[EventDate "2024.11.06"]
[EventType "team-tourn"]
[EventCountry "GER"]
[SourceTitle "playchess.com"]
[Source "ChessBase"]
[SourceQuality "1"]
[TimeControl "40/5400+30:1800+30"]

1. Nf3 Nf6 2. c4 e6 3. Nc3 d5 4. e3 b6 5. b3 Bb7 6. Bb2 {[%emt 0:00:59] A17: English Opening: 1...Nf6 with ...Bb4.} Nbd7 7. d4 a6 8. Be2 {[%emt 0:02:51] The position is equal.} Bd6 9. O-O O-O 10. a4 Ne4 11. Qc2 $146 (11. a5 Bb4 12. Na2 Bd6 13. Nc3 Bb4 14. Na2 Bd6 15. Nc3 Ndf6 16. Qc2 Nxc3 17. Bxc3 {½-½ Santos Latasa,J (2653)-Sargsyan,S (2640) Krakow Euro Pairs Blitz Qual 2023 (1.4)}) 11... Nxc3 12. Qxc3 {[%emt 0:02:16][%cal Oc4c5] [#]} Nf6 13. Ba3 Ne4 14. Qc2 Bxa3 15. Rxa3 Qd6 16. Raa1 a5 17. Rac1 c5 18. Rfd1 Rac8 19. dxc5 Qxc5 20. Qb2 Qb4 21. Nd4 Rfd8 22. f3 Nc5 23. Rb1 {[%emt 0:00:20] [#] Strongly threatening Nc2.} dxc4 24. bxc4 {[%emt 0:03:14] Black converts the advantage convincingly.} (24. Bxc4 $11 h6 (24... Nxa4 25. bxa4 Qxb2 26. Rxb2 $16) 25. Bf1) 24... Qxb2 $17 (24... Nxa4 25. Qa2 (25. Qxb4 axb4 26. Rxb4 Nc3 $11) 25... Nc3 (25... Qc3 $2 26. Rb3 $18) 26. Rxb4 $16) ({And not} 24... Qxa4 25. Qxb6 Qe8 26. Qxa5 $16) 25. Rxb2 Nxa4 26. Rb3 e5 27. Ra1 (27. Ra3 $142 exd4 28. Rxa4 dxe3 29. Rb1) 27... Nc5 $19 28. Rxb6 exd4 29. exd4 Rxd4 30. Rxa5 Rd7 31. Rab5 g6 32. Kf2 Kg7 33. g3 Ba8 34. Ra5 (34. Rb8 {is a better defense.} Rxb8 35. Rxb8) 34... Ne6 35. h4 Nd4 {[%emt 0:01:13] and ...Nxe2 would now be decisive} 36. f4 Nxe2 {[%emt 0:00:29] Black is clearly winning.} 37. Kxe2 Re8+ 38. Re5 Rxe5+ 39. fxe5 {[%emt 0:00:01][%mdl 4096] Endgame KRB-KR} Re7 40. Kd3 Rxe5 41. Kd4 (41. Rb2 $142) 41... Re4+ 42. Kc5 Re3 43. Rb8 Bg2 44. Kd6 Rxg3 45. Rb2 Rd3+ 46. Ke5 f6+ 47. Ke6 Bh3+ 48. Ke7 Rd7+ 49. Ke8 Rc7 50. Rc2 Rc5 51. Ke7 Bf1 {[%emt 0:00:17] Weighted Error Value: White=0.37/Black=0.10 (very precise)   Mistake:       	White=4     	---        Inaccurate:     	White=2     	Black=3      OK:         	White=6     	Black=20     Best:        	White=3     	Black=2} 0-1

[Event "Frauenbundesliga 2024-25"]
[Site "Germany"]
[Date "2025.01.26"]
[Round "4.2"]
[White "Javakhishvili, Lela"]
[Black "Van Foreest, Machteld"]
[Result "1-0"]
[Annotator "TA"]
[ECO "D54"]
[WhiteElo "2426"]
[BlackElo "2312"]
[PlyCount "51"]
[EventDate "2024.11.06"]
[EventType "team-tourn"]
[EventCountry "GER"]
[SourceTitle "playchess.com"]
[Source "ChessBase"]
[SourceQuality "1"]
[TimeControl "40/5400+30:1800+30"]

1. c4 e6 2. Nc3 d5 3. d4 Nf6 4. Bg5 Be7 5. e3 b6 6. Rc1 O-O 7. cxd5 {[%emt 0:10:47] D54: Queen's Gambit Declined: 4 Bg5 Be7: Lines without Nf3.} exd5 8. Bd3 h6 9. Bxf6 {[%emt 0:04:40] White has an edge.} Bxf6 10. Qf3 $146 (10. Nf3 Be6 11. O-O c5 12. dxc5 bxc5 13. e4 c4 14. exd5 cxd3 15. dxe6 Na6 16. Qa4 Nc7 17. exf7+ Rxf7 18. Qc4 Qd7 19. Rcd1 Rd8 20. Rd2 Ne6 21. Ne4 Qd5 22. Qxd5 Rxd5 23. Rfd1 Rc7 24. g3 Rc2 25. Nxf6+ gxf6 26. Ne1 {1-0 Volzhin,A (2556)-Ledger,D (2302) Bergen Sommer op 2000 (1)}) 10... Be6 11. Nge2 c5 12. Nf4 Re8 (12... cxd4 $2 13. Ncxd5 Bxd5 14. Nxd5 (14. Qxd5 Qxd5 15. Nxd5 Nd7 $16) 14... dxe3 15. Nxf6+ Qxf6 16. Qxf6 (16. Qxa8 $2 Qxf2+ 17. Kd1 Qd2#) (16. Qxe3 Nd7 $11) (16. fxe3 Nd7 $11) 16... gxf6 17. Be4 $18 (17. fxe3 Nd7 $14)) (12... Nc6 $1 $14) 13. O-O {[%emt 0:10:30] White is much more active. The black rooks are passive.} (13. Nfxd5 $6 Nd7 $14) 13... cxd4 (13... Nd7 $16 {is a better defense.}) 14. Ncxd5 $40 {[%emt 0:00:33][%mdl 128] Black is in trouble.} Bxd5 15. Qxd5 (15. Nxd5 $18 Nd7 16. Bb5) 15... Nd7 {[%emt 0:01:48] A sharp opening Black is weak on the light squares} (15... Qxd5 $16 16. Nxd5 dxe3) 16. Bb5 ({Much less strong is} 16. exd4 $6 Nf8 $16) 16... dxe3 17. Bxd7 exf2+ 18. Rxf2 Re5 19. Qd3 Be7 20. Bc6 Qc8 {[%emt 0:02:06] [#]} (20... Rc8) 21. Nd5 (21. Bxa8 $2 {is the wrong capture.} Qxc1+ 22. Qf1 Re1 $19) 21... Bg5 22. Rcc2 (22. Bxa8 Qxc1+ 23. Rf1 Qxb2 $16) 22... Rb8 23. g3 Qh3 24. Nf4 Re1+ 25. Rf1 Rxf1+ 26. Qxf1 {[%emt 0:00:02] White took control after the opening.   Weighted Error Value: White=0.29 (precise) /Black=0.40  Mistake:       	White=1     	Black=4      Inaccurate:     	White=1     	Black=1      OK:         	White=3     	Black=8      Best:        	White=4     	---} 1-0

[Event "Frauenbundesliga 2024-25"]
[Site "Germany"]
[Date "2025.01.26"]
[Round "4.2"]
[White "Papp, Sarah"]
[Black "Roessler, Ulrike"]
[Result "1-0"]
[Annotator "TA"]
[ECO "B20"]
[WhiteElo "2268"]
[BlackElo "2052"]
[PlyCount "103"]
[EventDate "2024.11.06"]
[EventType "team-tourn"]
[EventCountry "GER"]
[SourceTitle "playchess.com"]
[Source "ChessBase"]
[SourceQuality "1"]
[TimeControl "40/5400+30:1800+30"]

1. e4 c5 2. d3 Nc6 3. g3 g6 4. Bg2 Bg7 5. f4 d6 6. Nf3 e6 7. O-O Nge7 8. c3 O-O 9. Be3 f5 {[%emt 0:03:17] Recently 9...b5 got a lot of attention.} 10. Nbd2 Rb8 {[%emt 0:04:48] B20: Sicilian: Unusual White 2nd moves.} 11. Rc1 b6 12. Re1 Qd7 $146 {[%emt 0:04:16] White is slightly better.} (12... h6 13. Bf2 Kh8 14. d4 fxe4 15. Nxe4 c4 16. Nh4 b5 17. Nd2 d5 18. Ndf3 Kh7 {½-½ Hoolt,S (2281)-Goczo,M (2201) Budapest One Week IM-A 02 2024 (3)}) 13. d4 Ba6 {[%emt 0:08:15] Dodges Qe2} 14. exf5 Nxf5 15. Ne4 cxd4 16. Bxd4 Nfxd4 (16... Ncxd4 $14 {feels stronger.} 17. Nxd4 Nxd4 18. cxd4 Rbc8) 17. cxd4 $16 Nb4 18. Rc3 {[%emt 0:02:22] Repels Nd3} (18. Nf2 $16) 18... Bb7 (18... Nd5 $14) 19. Neg5 Bd5 20. Bh3 Rfe8 (20... Nxa2 $2 21. Rce3 $18 (21. Bxe6+ Bxe6 22. Nxe6 Nxc3 $11)) 21. Rce3 Qc6 22. Bxe6+ Bxe6 23. Rxe6 Rxe6 24. Qb3 ({White should play} 24. Rxe6 {Threatens to win with Qb3.} Rc8 25. Qb3) 24... Nd5 25. Nxe6 {[%emt 0:00:15][%cal Of4f5] A dynamic duo of knights.} a5 $2 {[%emt 0:03:16] [#] This move loses the game for Black.} (25... Rc8 $16 26. Nxg7 Kxg7) 26. Nc7 $1 Qxc7 27. Qxd5+ Kh8 28. Ng5 h6 29. Ne6 Qe7 30. Kf2 Re8 31. Re4 Qd7 32. b3 Bf6 33. h4 b5 $2 (33... a4 34. Re2 a3) 34. Nc5 $18 Qd8 35. Rxe8+ Qxe8 36. Qxd6 {[%emt 0:00:09][%mdl 4096] Endgame KQB-KQN. White is two pawns up.} Kg7 37. Ne6+ Kf7 38. d5 a4 39. Qc7+ Kg8 40. Qc6 Qe7 41. Qxb5 axb3 42. axb3 Qa7+ 43. Kf3 {[%emt 0:11:43] [#]} Qa1 44. Qe8+ Kh7 45. Qf7+ Kh8 46. Qxg6 Qd1+ 47. Kf2 Bc3 48. Qxh6+ {[%emt 0:01:04] White mates.} Kg8 49. Qg6+ Kh8 50. Qe8+ Kh7 51. Ng5+ Kh6 52. Qe6+ {[%emt 0:00:11] Weighted Error Value: White=0.12 (very precise) /Black=0.47  Loses game:     	---       	Black=1      Mistake:       	White=2     	Black=4      Inaccurate:     	White=1     	Black=1      OK:         	White=15    	Black=12     Best:        	White=1     	Black=2} 1-0